 Dungeon Crawl Stone Soup version 0.18.1-48-g4cf74bf (webtiles) character file.

21 tyranidshit the Grave Robber (level 2, 13/25 HPs)
             Began as a Deep Dwarf Necromancer on Aug 29, 2016.
             Quit the game on level 1 of the Dungeon on Sept 2, 2016.
             The game lasted 00:03:46 (441 turns).

tyranidshit the Grave Robber (DDNe)                  Turns: 441, Time: 00:03:47

Health: 13/25      AC:  5    Str: 11    XL:     2   Next: 62%
Magic:  2/4        EV: 11    Int: 15    God:
Gold:   31         SH:  0    Dex: 13    Spells: 1 memorised, 3 levels left

rFire  . . .     SeeInvis .     g - +0 club (curse)
rCold  . . .     Gourm    .     f - +0 ring mail
rNeg   . . .     Faith    .     (no shield)
rPois  .         Spirit   .     (no helmet)
rElec  .         Dismiss  .     (no cloak)
rCorr  .         Reflect  .     (no gloves)
SustAt .         Harm     .     (no boots)
MR     .....                    (no amulet)
Stlth  +.........               (no ring)
                                (no ring)

@: non-regenerating, not resistant to hostile enchantments, very unstealthy
A: damage resistance, recharge devices, sense surroundings 1, slow regeneration
3
a: Device Recharging


You were on level 1 of the Dungeon.
You were not hungry.

You visited 1 branch of the dungeon, and saw 1 of its levels.

You collected 31 gold pieces.

Inventory:

Hand Weapons
 g - a cursed +0 club (weapon)
 h - a +0 short sword
Armour
 a - a +0 robe
 f - a +0 ring mail (worn)
Wands
 c - a wand of heal wounds (5/9)
Scrolls
 i - a scroll of teleportation
 j - a scroll of remove curse {unknown}
 k - a scroll of immolation {unknown}
Potions
 e - a potion of lignification {unknown}
Books
 b - a book of Necromancy

   Spells                             Type                      Level
   a - Pain                           Necromancy                   1
   b - Animate Skeleton               Necromancy                   1
   c - Vampiric Draining              Necromancy                   3
   d - Regeneration                   Charms/Necromancy            3
   e - Animate Dead                   Necromancy                   4
   f - Control Undead                 Necromancy                   4
Comestibles
 d - 2 bread rations


   Skills:
 + Level 1.3 Fighting
 + Level 1.1 Maces & Flails
 - Level 2.2 Dodging
 - Level 2.6 Stealth
 - Level 1.7 Spellcasting
 - Level 4.4 Necromancy


You had 3 spell levels left.
You knew the following spells:

 Your Spells              Type           Power        Failure   Level  Hunger
a - Pain                  Necr           ##..         12%         1    ##.....


Dungeon Overview and Level Annotations

Branches:
Dungeon (1/15)

Altars:


Innate Abilities, Weirdness & Mutations

You are resistant to damage.
You can recharge devices by infusing magical energy.
You passively map a small area around you.
You do not regenerate naturally.


Message History

Casting: Pain
Confirm with . or Enter, or press ? or * to list all spells.
Aiming: Pain
Press: ? - help, Shift-Dir - straight line, f - you Really target yourself? [Y]es or [N]o only, please.
Really target yourself? [Y]es or [N]o only, please.
Really target yourself? [Y]es or [N]o only, please.
Really target yourself?
Okay, then.
You see here a jackal corpse.
Found a hunting sling.
You now have 31 gold pieces (gained 3).
Welcome back, tyranidshit the Deep Dwarf Necromancer.
Press ? for a list of commands and other information.
Quiver which item? (- for none, * to show all) (? for menu, Esc to quit)
Okay, then.
Are you sure you want to abandon this character and quit the game? (Confirm with "yes".)

..........####...†........# #
...........†.+...†...########
.........#####†(.....#.......
.........# ####'####.......
.........########'## #.......
...................###.......
....)..............+.'.......
.....#.............###..†....
.....#......@......'.........
.....##............##........
.... #......########........
, ..., #......# #........ *
........# #........
,,.........# ####.....
......).### #..... ........#
#..... , #.....


There were no monsters in sight!

Vanquished Creatures
  4 hobgoblins (D:1)
  8 jackals (D:1)
  A ball python (D:1)
  A bat (D:1)
  A goblin (D:1)
  2 kobolds (D:1)
  A rat (D:1)
18 creatures vanquished.

Notes
Turn   | Place    | Note
--------------------------------------------------------------
     0 | D:1      | tyranidshit the Deep Dwarf Necromancer began the quest for the Orb.
     0 | D:1      | Reached XP level 1. HP: 15/15 MP: 3/3
    56 | D:1      | Reached skill level 1 in Fighting
   215 | D:1      | Reached XP level 2. HP: 15/25 MP: 4/4
   407 | D:1      | Reached skill level 1 in Maces & Flails
   441 | D:1      | Quit the game

Skill      XL: |  1  2 |
---------------+-------+-----
Fighting       | 1 |  1.3
Maces & Flails | 1 |  1.1
Dodging        | |  2.2
Stealth        | |  2.6
Spellcasting   | |  1.7
Necromancy     | |  4.4

Action                   || total
-------------------------++-------
Melee: Unarmed           ||    20
       Club              ||    49
 Cast: Pain              ||    12
  Use: Scroll            ||     1
 Stab: Sleeping          ||     1
Armor: Ring mail         ||    28
       Robe              ||     1
Dodge: Dodged            ||    76
